Map: 2000 Atmospheres LE

Players

HeroMarine - Winner!

  • Race: Terran Terran

Denver

  • Race: Zerg Zerg

Event: DreamHack SC2 Masters 2021 Fall

VOD

Have the link to the VOD?

Description

Time

  • Played on: Aug. 4, 2021, 11:28 a.m.
  • Length: 18:57

All games in this series

Show
View Real Time Build Order
Export as new Build Order

HeroMarine Terran - Winner!

Build Orders: Liberator Opening 

Get SALT Encoding   

  12  0:00  SCV  
  13  0:12  SCV  
  14  0:17  Supply Depot  
  14  0:24  SCV  
  15  0:39  SCV  
  15  0:40  Barracks  
  16  0:43  Refinery  
  16  0:51  SCV  
  17  1:03  SCV  
  18  1:15  SCV  
  19  1:26  Marine  
  19  1:27  Orbital Command  
  20  1:40  Command Center  
  20  1:50  Factory  
  20  1:54  SCV  
  21  2:02  Barracks Reactor  
  21  2:06  SCV  
  21  2:08  Supply Depot  
  22  2:12  Refinery  
  22  2:18  SCV  
  23  2:30  SCV  
  23  2:34  Hellion  
  26  2:38  Starport  
  26  2:39  Marine  
  26  2:40  Marine  
  26  2:42  SCV  
  29  2:52  Orbital Command  
  29  2:55  SCV  
  30  2:59  Hellion  
  30  3:01  Marine  
  30  3:03  Marine  
  34  3:07  SCV  
  35  3:15  Medivac  
  37  3:21  Supply Depot  
  37  3:22  Hellion  
  37  3:25  Marine  
  37  3:26  Marine  
  41  3:27  SCV  
  41  3:28  SCV  
  43  3:40  SCV  
  43  3:41  SCV  
  45  3:46  Liberator  
  45  3:48  Supply Depot  
  48  3:49  Barracks Tech Lab  
  48  3:52  SCV, Hellion  
  48  3:53  SCV  
  54  3:55  Hellion  
  54  4:07  Stimpack  
  54  4:09  SCV x2  
  56  4:10  Supply Depot  
  56  4:22  SCV x2  
  58  4:26  Command Center  
  57  4:37  Barracks x2, Factory Reactor  
  57  4:38  SCV x2  
  58  4:42  Marine  
  58  4:45  Supply Depot  
  60  4:46  Starport Reactor  
  60  4:48  Factory Tech Lab  
  60  4:51  Bunker  
  60  4:53  SCV x2  
  62  5:00  Marine  
  62  5:05  SCV x2  
  65  5:07  Siege Tank  
  68  5:17  SCV  
  68  5:18  Marine, SCV  
  63  5:37  Marine x3, SCV, Orbital Command  
  63  5:38  SCV  
  69  5:48  Engineering Bay x2  
  69  5:49  Combat Shield  
  69  5:50  SCV x2  
  69  5:51  Medivac x2  
  69  5:55  Barracks Reactor, Marine x2  
  76  6:02  SCV  
  77  6:05  Supply Depot  
  77  6:06  Marine, SCV x2, Supply Depot  
  80  6:16  SCV  
  80  6:18  SCV  
  77  6:19  Marine x2, SCV  
  77  6:23  Marine  
  69  6:30  SCV  
  69  6:37  Marine x2  
  69  6:39  Terran Infantry Weapons Level 1  
  68  6:40  Terran Infantry Armor Level 1  
  68  6:41  Marine  
  68  6:43  Marine  
  69  6:48  Supply Depot  
  69  6:50  Supply Depot  
  69  6:53  Refinery  
  69  6:54  Bunker  
  69  6:57  Marine  
  66  7:01  Marine  
  66  7:03  Marine x3  
  69  7:09  SCV x3  
  69  7:15  Marine  
  63  7:19  Marine  
  63  7:20  Marine  
  63  7:21  Marine x2, SCV x3  
  57  7:32  Marine  
  57  7:34  Siege Tank  
  57  7:35  SCV  
  57  7:36  SCV x2  
  63  7:37  Medivac  
  63  7:38  Orbital Command, Medivac  
  63  7:40  Marine  
  63  7:42  Marine  
  69  7:50  Supply Depot  
  69  8:04  Supply Depot x2  
  69  8:10  Supply Depot  
  69  8:12  Marine x5, SCV x3  
  77  8:15  Supply Depot  
  75  8:29  Marine x2  
  75  8:31  Marine x3  
  77  8:36  Supply Depot  
  77  8:37  Supply Depot, Medivac x2  
  81  8:47  Marine x2, SCV  
  81  8:48  SCV  
  85  8:49  Marine x3  
  85  8:51  SCV  
  89  8:59  SCV  
  89  9:00  SCV  
  91  9:03  SCV  
  91  9:05  Marine x2  
  91  9:07  Marine x3  
  97  9:12  SCV x2  
  97  9:13  Barracks  
  97  9:14  Barracks  
  97  9:16  Orbital Command, Factory Reactor  
  100  9:23  Marine x2  
  100  9:24  Marine, SCV x2  
  102  9:26  Marine  
  102  9:30  Marine  
  101  9:36  SCV x2  
  102  9:38  Supply Depot  
  102  9:40  Orbital Command  
  102  9:41  Marine x2  
  102  9:42  Marine  
  102  9:44  Marine  
  106  9:48  Marine, SCV x2, Armory  
  109  9:56  Supply Depot  
  109  9:57  Supply Depot  
  109  10:00  Marine x2, SCV  
  109  10:01  SCV  
  109  10:03  Supply Depot  
  109  10:05  Marine x2  
  109  10:06  Marine  
  116  10:09  Barracks Reactor x2  
  116  10:11  SCV  
  117  10:18  SCV x2  
  111  10:23  Marine x2  
  111  10:25  Marine x2  
  115  10:33  Marine  
  115  10:34  Widow Mine x2  
  119  10:37  Terran Infantry Weapons Level 2  
  119  10:39  Factory  
  119  10:40  Terran Infantry Armor Level 2  
  119  10:41  Marine x2  
  121  10:44  Marine x2  
  121  10:49  Marine  
  124  10:54  Medivac x2  
  124  10:56  SCV x2  
  116  11:00  SCV  
  116  11:01  Marine  
  118  11:08  SCV x2  
  118  11:12  Marine x2, SCV  
  118  11:17  Marine x3  
  121  11:20  SCV  
  121  11:21  SCV  
  121  11:22  Marine x2  
  126  11:30  Marine  
  126  11:31  Marine  
  126  11:32  Liberator  
  131  11:33  Liberator  
  131  11:36  Marine  
  131  11:37  Marine, Sensor Tower  
  131  11:38  SCV  
  131  11:39  SCV  
  136  11:41  SCV  
  136  11:46  Drilling Claws  
  137  11:49  Marine  
  137  11:51  Marine  
  137  11:52  Marine x2  
  130  11:54  Marine  
  130  11:55  Marine x3  
  130  11:58  Widow Mine x2  
  138  12:07  Marine x2  
  140  12:09  Marine  
  140  12:11  Command Center  
  141  12:29  Marine, Liberator  
  141  12:43  Supply Depot  
  141  12:44  Supply Depot, Barracks  
  141  12:45  Marine x6  
  141  12:46  Barracks  
  141  12:49  Marine x2  
  141  12:50  Marine  
  136  12:53  Siege Tank  
  136  12:57  SCV x3  
  142  12:59  Refinery  
  142  13:00  Refinery  
  142  13:03  Marine x6  
  146  13:07  Marine x2  
  146  13:08  Marine, Medivac  
  146  13:09  SCV x3  
  152  13:12  Factory Tech Lab  
  152  13:17  Supply Depot  
  152  13:18  Supply Depot  
  152  13:21  Marine x6, SCV x2  
  152  13:24  Marine  
  152  13:25  Marine  
  163  13:35  Terran Infantry Weapons Level 3  
  163  13:38  Marine x6  
  163  13:40  Siege Tank x2  
  169  13:42  Marine x2  
  171  13:49  SCV x2  
  171  13:50  SCV  
  171  13:53  Planetary Fortress  
  171  13:55  Barracks Tech Lab  
  174  13:58  Barracks Tech Lab  
  174  14:02  SCV x2  
  176  14:03  SCV  
  176  14:05  Marine  
  176  14:11  Marine x2  
  176  14:14  SCV  
  176  14:15  SCV  
  180  14:19  Siege Tank  
  173  14:25  Siege Tank  
  173  14:26  SCV x2  
  173  14:27  SCV  
  166  14:35  Marine, Marauder  
  169  14:44  Marine x2, Marauder x2  
  169  14:45  Refinery  
  175  14:48  Marine x2  
  175  14:50  Marine  
  175  14:51  Marine  
  175  14:52  Siege Tank  
  182  14:56  Marauder  
  184  15:02  Marine  
  184  15:03  Marine x2  
  184  15:04  Marine  
  184  15:06  Marine x2, Marauder x2  
  194  15:08  Marine  
  194  15:09  Marine  
  194  15:13  Terran Infantry Armor Level 3  
  196  15:15  Terran Vehicle And Ship Armor Level 1  
  196  15:19  Marauder  
  196  15:20  Marine  
  196  15:23  Marine  
  196  15:26  Marine  
  196  15:27  Marine  
  196  15:28  Supply Depot  
  195  15:39  Command Center  
  190  15:43  Marine, Marauder  
  190  15:44  Marine, Marauder  
  190  15:45  Marine  
  190  15:46  Marine  
  190  15:49  Marine x2  
  195  15:54  Marine x2, Marauder  
  194  15:59  Medivac  
  194  16:01  Marine  
  194  16:03  Marine  
  196  16:05  Marine  
  196  16:06  Marine, Sensor Tower  
  196  16:08  Marine x2  
  196  16:09  Medivac  
  196  16:10  Marine  
  196  16:19  Ghost Academy  
  196  16:20  Refinery  
  196  16:21  Marine x2, Supply Depot  
  196  16:22  Marine  
  196  16:23  Marauder  
  196  16:24  Marauder  
  191  16:30  Marauder  
  191  16:31  Marine  
  191  16:32  Marine x2  
  170  16:34  Marine x2  
  170  16:39  Marine x2, Medivac x2  
  170  16:40  Marine  
  170  16:44  Marine  
  170  16:45  Marine  
  173  16:49  Marine  
  173  16:50  Marine  
  175  16:57  SCV x2  
  175  16:58  SCV x2  
  175  16:59  Marine  
  175  17:00  Marine  
  181  17:07  Marine  
  174  17:08  Medivac  
  174  17:09  Medivac, Siege Tank  
  174  17:14  Sensor Tower  
  174  17:15  Planetary Fortress  
  181  17:22  Marauder x2  
  183  17:26  Marauder  
  183  17:29  Marine  
  182  17:35  Marine x2  
  174  17:39  Marine  
  174  17:40  Marine, Medivac x2  
  174  17:43  Siege Tank, Marauder x2  
  183  17:47  Siege Tank  
  183  17:49  Marauder  
  188  17:56  Marine x2  
  190  18:05  Marauder x2  
  185  18:08  Marine x2  
  185  18:10  Medivac  
  185  18:11  Marauder  
  185  18:12  Marine x4  
  189  18:14  Medivac  
  193  18:21  Refinery x2, Marine  
  193  18:22  Marine  
  193  18:26  Marine x3, Marauder  
  197  18:33  Marine x2  
  189  18:36  Marine  
  189  18:37  Marine x2  
Show
View Real Time Build Order
Export as new Build Order

Denver Zerg 

Build Orders: Hatch First 

Get SALT Encoding   

  12  0:00  Drone  
  13  0:12  Overlord  
  13  0:17  Drone  
  14  0:31  Drone x2  
  16  0:47  Hatchery  
  15  0:51  Drone  
  15  0:55  Drone  
  17  0:59  Drone  
  18  1:09  Extractor  
  17  1:14  Spawning Pool  
  17  1:17  Drone  
  17  1:21  Drone  
  18  1:29  Drone  
  19  1:39  Drone  
  20  1:49  Overlord  
  20  2:01  Queen x2  
  20  2:02  Zergling x4  
  26  2:10  Metabolic Boost  
  26  2:13  Drone x2  
  28  2:22  Drone x2  
  30  2:37  Hatchery  
  29  2:40  Drone  
  29  2:44  Drone  
  31  2:50  Drone, Evolution Chamber  
  31  2:51  Drone  
  32  2:55  Overlord  
  33  2:58  Drone  
  33  3:04  Queen  
  35  3:07  Drone  
  36  3:13  Drone  
  36  3:14  Drone x2  
  36  3:19  Zerg Melee Weapons Level 1  
  39  3:21  Drone  
  39  3:22  Drone  
  41  3:27  Overlord  
  41  3:33  Queen  
  43  3:36  Drone  
  43  3:38  Overlord  
  44  3:46  Drone x4  
  44  3:48  Extractor  
  47  3:51  Baneling Nest  
  47  3:55  Zergling x6  
  49  3:56  Zergling x2  
  50  4:03  Drone x3  
  50  4:08  Zergling x2  
  54  4:12  Zergling x2  
  54  4:13  Zergling x8  
  59  4:18  Overlord  
  59  4:20  Zergling x2  
  59  4:21  Zergling x4  
  61  4:27  Zergling x2  
  62  4:33  Zergling x6  
  65  4:42  Zergling x12  
  65  4:44  Overlord  
  71  4:49  Zergling x4  
  73  4:53  Overlord x2  
  73  5:01  Baneling x13  
  73  5:07  Zergling x8  
  73  5:12  Baneling x2  
  73  5:14  Zergling x8  
  70  5:31  Zergling x14  
  70  5:32  Zergling x2  
  65  5:40  Zergling x8  
  69  5:44  Baneling x7  
  69  5:47  Zergling x10  
  74  5:53  Zergling x2  
  75  5:58  Zergling x4, Baneling x2  
  75  5:59  Baneling  
  75  6:02  Zergling x2  
  78  6:08  Zergling x4  
  69  6:19  Zergling x20  
  69  6:23  Zergling x2  
  69  6:24  Zergling x2  
  76  6:27  Queen  
  72  6:34  Zergling x6  
  68  6:42  Zergling x12  
  68  6:44  Baneling x7  
  74  6:47  Zergling x6  
  74  6:51  Zergling x4  
  74  6:52  Zergling x2  
  80  6:58  Zergling x4  
  78  7:04  Zergling x2  
  75  7:12  Zergling x14  
  77  7:20  Zergling x6  
  77  7:22  Zerg Ground Armor Level 1  
  77  7:29  Zergling x4  
  69  7:33  Zergling x8  
  69  7:38  Zergling x2  
  69  7:39  Zergling x6  
  69  7:40  Zergling x2  
  69  7:41  Zergling x2  
  75  7:50  Lair  
  71  7:52  Zergling x8  
  71  7:54  Baneling x6  
  71  7:58  Zergling x4  
  77  8:02  Zergling x4  
  77  8:03  Zergling x6  
  82  8:08  Drone  
  82  8:09  Drone x2  
  82  8:15  Zergling x8  
  83  8:25  Drone x3  
  73  8:29  Burrow  
  73  8:30  Drone x4  
  73  8:34  Drone x3  
  80  8:36  Drone  
  80  8:37  Drone  
  82  8:41  Drone x2  
  82  8:42  Drone  
  85  8:49  Zergling x2, Centrifical Hooks  
  85  8:53  Zergling x4  
  88  8:57  Zergling x2  
  88  9:01  Extractor  
  88  9:02  Spore Crawler  
  87  9:03  Zergling x4  
  87  9:04  Spore Crawler  
  87  9:06  Overlord  
  88  9:10  Overlord  
  88  9:13  Zergling x2  
  88  9:15  Baneling x7  
  89  9:22  Overlord  
  89  9:25  Hatchery  
  89  9:30  Drone  
  89  9:31  Drone x8  
  84  9:38  Zerg Melee Weapons Level 2  
  83  9:40  Zergling x8  
  83  9:41  Zergling x2  
  88  9:49  Drone  
  88  9:50  Drone x4  
  91  9:54  Zergling x2  
  91  9:58  Zergling x12  
  97  10:00  Queen  
  97  10:01  Overlord  
  97  10:04  Baneling x3  
  99  10:07  Baneling x7  
  99  10:13  Zergling x8  
  103  10:16  Zergling x2  
  103  10:17  Zergling x4, Queen x3  
  102  10:25  Zergling x10  
  107  10:31  Zergling x8  
  107  10:32  Queen  
  107  10:35  Baneling x6  
  113  10:36  Baneling x2  
  113  10:40  Drone x4  
  117  10:45  Zergling x2  
  117  10:56  Zergling x6  
  117  10:57  Zergling x10  
  120  11:00  Hydralisk Den  
  120  11:01  Baneling x9  
  120  11:02  Evolution Chamber  
  118  11:08  Drone x2  
  118  11:09  Overlord x2  
  119  11:12  Extractor, Spore Crawler, Overlord  
  119  11:13  Extractor  
  113  11:19  Baneling x2  
  113  11:22  Overlord  
  113  11:24  Overlord  
  113  11:26  Baneling x8  
  113  11:32  Zergling x20  
  118  11:33  Zergling x2  
  119  11:42  Zergling x2  
  119  11:43  Zergling x8  
  124  11:50  Hatchery  
  124  11:51  Zergling x8  
  124  11:56  Muscular Augments  
  124  11:58  Hydralisk x3  
  124  11:59  Hydralisk  
  132  12:02  Drone x5  
  137  12:12  Overlord  
  137  12:14  Drone x5  
  142  12:17  Extractor  
  142  12:18  Zerg Ground Armor Level 2  
  142  12:19  Extractor  
  139  12:23  Zergling x8, Overlord  
  137  12:31  Zergling x16  
  137  12:36  Hydralisk x3  
  149  12:37  Zergling x2  
  149  12:42  Spore Crawler  
  149  12:43  Zergling x6  
  154  12:44  Spore Crawler  
  154  12:50  Hydralisk x4  
  150  12:55  Zergling x6  
  141  13:07  Grooved Spines, Hydralisk x6  
  141  13:08  Baneling x2  
  141  13:11  Drone  
  141  13:12  Overlord  
  152  13:13  Drone  
  152  13:14  Drone x4  
  157  13:25  Overlord x2  
  157  13:27  Overlord  
  157  13:28  Baneling x4  
  157  13:29  Baneling x7  
  157  13:31  Overlord  
  153  13:35  Hydralisk x3  
  153  13:37  Overlord  
  153  13:39  Overseer  
  155  13:41  Queen  
  155  13:46  Overlord  
  155  13:48  Queen  
  159  13:56  Zergling x10  
  159  13:57  Zergling x10  
  169  14:05  Spore Crawler  
  169  14:09  Zergling x20  
  162  14:25  Zergling x16  
  168  14:32  Zergling x12  
  173  14:45  Zergling x12  
  178  14:51  Baneling x6, Infestation Pit  
  178  14:52  Baneling x6  
  177  14:58  Zergling x2  
  177  14:59  Zergling x8  
  170  15:04  Hydralisk x6  
  182  15:12  Pneumatized Carapace  
  182  15:13  Baneling  
  182  15:14  Baneling x2  
  182  15:16  Overlord  
  179  15:22  Zergling x18  
  179  15:24  Overlord  
  179  15:28  Hive  
  185  15:36  Zergling x22  
  188  15:51  Zergling x18  
  193  15:59  Zergling x14  
  190  16:08  Zergling x8  
  190  16:10  Queen  
  196  16:13  Baneling  
  196  16:14  Baneling x11  
  196  16:15  Zergling x6  
  199  16:21  Baneling x4  
  181  16:25  Zergling x8  
  181  16:26  Zergling x6  
  181  16:30  Zergling x2  
  165  16:34  Zergling x6  
  165  16:35  Baneling  
  165  16:38  Queen  
  161  16:41  Zergling x4  
  161  16:47  Viper x3  
  161  16:50  Queen  
  161  16:53  Zergling x6  
  173  16:54  Baneling x3  
  173  16:57  Baneling x10  
  173  16:58  Drone x5  
  173  17:01  Baneling x3  
  174  17:02  Hatchery  
  174  17:06  Zergling x2  
  174  17:07  Zergling x18  
  160  17:10  Zergling x4  
  162  17:19  Zergling x6  
  158  17:23  Baneling x2  
  158  17:24  Baneling x2  
  155  17:30  Zergling x10  
  155  17:37  Zergling x20  
  162  17:45  Zergling x8  
  165  17:54  Zergling x14  
  153  18:07  Zergling x10  
  153  18:11  Hydralisk  
  153  18:12  Hydralisk x3  
  160  18:15  Baneling x9  
  160  18:18  Overseer  
  160  18:19  Overseer x2  
  160  18:25  Zergling x24  
  158  18:37  Zergling x10  

Tags
 
Add a new tag
Caveats
  • Supply blocks, unpowered buildings, or Contaminate may cause inaccurate times.
  • Supply counts are checked every 10 seconds.